 Dungeon Crawl Stone Soup version 0.19.4-8-ga85b6b9 (webtiles) character file.

4030 volk64 the Cleaver (level 10, -6/86 HPs)
             Began as a Hill Orc Fighter on Feb 8, 2017.
             Was a High Priest of Ru.
             Killed from afar by an electric eel (14 damage)
             ... with a bolt of electricity
             ... on level 8 of the Dungeon on Feb 11, 2017.
             The game lasted 00:23:16 (6594 turns).

volk64 the Cleaver (Hill Orc Fighter)               Turns: 6594, Time: 00:23:17

Health: -6/86      AC:  8    Str: 22    XL:     10   Next: 24%
Magic:  10/10      EV:  9    Int:  8    God:    Ru [*****.]
Gold:   548        SH: 11    Dex: 11    Spells: 0 memorised, 9 levels left

rFire  . . .     SeeInvis .     x - +1 flail (drain)
rCold  . . .     Gourm    .     b - +0 scale mail
rNeg   . . .     Faith    .     c - +1 shield
rPois  .         Spirit   .     (no helmet)
rElec  .         Reflect  .     (no cloak)
rCorr  +         Harm     .     u - +0 pair of gloves
MR     .....                    (no boots)
Stlth  ..........               (no amulet)
                                r - ring of resist corrosion
                                e - +2 ring of slaying

@: no status effects
A: inability to use devices, no conjurations magic, no earth magic, no hexes
magic, unskilled 1
a: Draw Out Power, Power Leap, Apocalypse, Renounce Religion


You were on level 8 of the Dungeon.
You worshipped Ru.
Ru was extremely pleased with you.
You were not hungry.

You visited 1 branch of the dungeon, and saw 8 of its levels.

You collected 548 gold pieces.

Inventory:

Hand Weapons
 a - a +0 war axe
 o - a +1 flail of protection
 s - a +9 quick blade
 x - a +1 flail of draining (weapon)
Armour
 b - a +0 scale mail (worn)
 c - a +1 shield (worn)
 u - a +0 pair of gloves (worn)
 y - a +0 plate armour
Jewellery
 e - a +2 ring of slaying (left hand)
 r - a ring of resist corrosion (right hand)
Scrolls
 h - 4 scrolls of identify
 k - 2 scrolls of magic mapping
 n - 3 scrolls of remove curse
 p - 2 scrolls of fear
 w - a scroll of enchant armour
Potions
 d - 2 potions of might
 j - a potion of curing {unknown}
 m - a potion of degeneration {unknown}
 q - 2 potions of brilliance {unknown}
 v - a potion of flight {unknown}
Books
 t - a book of Air

   Spells                             Type                      Level
   a - Shock                          Conjuration/Air              1
   b - Swiftness                      Charms/Air                   2
   c - Repel Missiles                 Charms/Air                   2
   d - Static Discharge               Conjuration/Air              3
   e - Lightning Bolt                 Conjuration/Air              5
Comestibles
 f - 9 bread rations
 i - 4 meat rations
 l - a slice of pizza


   Skills:
 + Level 7.3 Fighting
 + Level 2.0 Short Blades
 + Level 10.5(10.9) Axes
 + Level 3.7(6.8) Maces & Flails
 + Level 6.2 Armour
 + Level 2.0 Dodging
 + Level 1.8 Stealth
 + Level 6.3 Shields


You had 9 spell levels left.
You didn't know any spells.

Dungeon Overview and Level Annotations

Branches:
Dungeon (8/15)             Temple (0/1) D:7
   Lair: D:8-11

Altars:
Cheibriados
Elyvilon
Okawaru
Qazlal
Ru
Sif Muna
Xom
Yredelemnul
Zin


Innate Abilities, Weirdness & Mutations

You cannot study or use magical devices.
You cannot study or cast Conjurations magic.
You cannot study or cast Earth magic.
You cannot study or cast Hexes magic.
You are somewhat unskilled. (-1 Apt)


Message History

The electric eel shoots out a bolt of lightning at you!
The bolt of electricity hits you!
You closely miss the electric eel.
The electric eel shoots out a bolt of lightning at you!
The bolt of electricity hits you!
* * * LOW HITPOINT WARNING * * *
You focus your will and paralyse the electric eel in retribution!
You are too injured to fight recklessly!
You are too injured to fight recklessly!
You are too injured to fight recklessly!
The electric eel shoots out a bolt of lightning at you!
The bolt of electricity hits you!
* * * LOW HITPOINT WARNING * * *
There is a large open door here.
The electric eel shoots out a bolt of lightning at you!
The bolt of electricity hits you!
* * * LOW HITPOINT WARNING * * *
The electric eel shoots out a bolt of lightning at you!
The bolt of electricity hits you!
You die...

..# .##### .##..######
.....##...###############
.##.......#...##.........
###..##...#......##########
.##..##...'......#≈≈≈≈≈≈≈≈#
.'.......##...##.#≈≈≈..≈ ≈#
.#.[.....#######@#≈≈#.##≈≈#
.##..##..# #.'.....#..+
.##..##..# #.'..#.....+
.#...##.)# ###≈≈##.#≈≈#
.#...##..# #≈≈≈..≈≈≈#
.##..##..# #≈≈≈≈;≈≈≈#
.##+###... ########## ....
....#


You could see an electric eel.

Vanquished Creatures
  Pikel (D:6)
  A hill giant (D:8)
  A hippogriff (D:8)
  A spriggan (D:7)
  Sigmund (D:4)
  A wyvern (D:8)
  Menkaure (D:4)
  The ghost of Feta the Gusty, an amateur HEAE (D:3)
  A slave (D:6)
  A sky beast (D:5)
  An orc warrior (D:6)
  A phantom (D:4)
  A hornet zombie (D:7)
  4 ogres
  A big kobold (D:8)
  3 bullfrogs
  A scorpion (D:4)
  3 howler monkeys (D:6)
  5 crimson imps
  A centaur zombie (D:8)
  2 hounds
  A jelly (D:8)
  3 orc wizards
  4 orc priests
  2 bullfrog skeletons
  A centaur skeleton (D:4)
  An iguana (D:5)
  Natasha (twice) (D:2)
  9 worker ants
  A killer bee zombie (D:7)
  2 hound skeletons
  Robin (D:3)
  7 adders
  A shadow imp (D:5)
  2 oozes
  2 adder skeletons
  3 worms (D:3)
  4 dart slugs
  5 leopard geckos
  26 orcs
  7 bats
  3 giant cockroaches
  13 goblins
  16 hobgoblins
  11 jackals
  3 quokkas
  2 ball pythons
  7 frilled lizards
  14 kobolds
  5 rats
191 creatures vanquished.

Notes
Turn   | Place    | Note
-------+----------+-------------------------------------------
     0 | D:1      | volk64 the Hill Orc Fighter began the quest for the Orb.
     0 | D:1      | Reached XP level 1. HP: 19/19 MP: 1/1
    90 | D:1      | Reached XP level 2. HP: 22/27 MP: 2/2
   304 | D:1      | Reached skill level 3 in Axes
   548 | D:1      | Reached XP level 3. HP: 32/33 MP: 3/3
   771 | D:2      | Found a sacrificial altar of Ru.
   773 | D:2      | Found an iron altar of Okawaru.
   774 | D:2      | Found a white marble altar of Elyvilon.
   774 | D:2      | Found a basalt altar of Yredelemnul.
   774 | D:2      | Found a stormy altar of Qazlal.
   778 | D:2      | Found a deep blue altar of Sif Muna.
   778 | D:2      | Found a snail-covered altar of Cheibriados.
   779 | D:2      | Found a shimmering altar of Xom.
   782 | D:2      | Became a worshipper of Ru the Awakened
   888 | D:2      | Reached skill level 4 in Axes
   971 | D:2      | Noticed Natasha
   986 | D:2      | Killed Natasha
   986 | D:2      | Reached XP level 4. HP: 23/40 MP: 4/4
  1153 | D:2      | Noticed Natasha
  1158 | D:2      | Killed Natasha
  1383 | D:2      | Reached XP level 5. HP: 41/46 MP: 5/5
  1443 | D:3      | Noticed Feta's ghost (amateur HEAE)
  1449 | D:3      | Reached skill level 5 in Axes
  1468 | D:3      | Killed Feta's ghost
  1468 | D:3      | Reached XP level 6. HP: 28/53 MP: 6/6
  1814 | D:3      | Noticed Robin
  1816 | D:3      | Reached skill level 6 in Axes
  1835 | D:3      | Killed Robin
  1854 | D:3      | Gained mutation: You cannot study or use magical devices. [Ru sacrifice]
  1854 | D:3      | Reached * piety under Ru
  1854 | D:3      | Reached ** piety under Ru
  1854 | D:3      | Reached *** piety under Ru
  2085 | D:3      | Reached skill level 5 in Fighting
  2231 | D:4      | Noticed Menkaure
  2237 | D:4      | Killed Menkaure
  2237 | D:4      | Reached skill level 7 in Axes
  2237 | D:4      | Reached XP level 7. HP: 19/61 MP: 7/7
  2493 | D:4      | Noticed Sigmund
  2505 | D:4      | Killed Sigmund
  2505 | D:4      | Reached skill level 8 in Axes
  2717 | D:4      | Reached skill level 5 in Shields
  2825 | D:4      | Reached XP level 8. HP: 69/69 MP: 8/8
  3316 | D:5      | Entered Level 5 of the Dungeon
  3320 | D:5      | Reached skill level 5 in Armour
  3793 | D:5      | Reached skill level 9 in Axes
  3793 | D:5      | Reached skill level 1 in Dodging
  3908 | D:5      | Gained mutation: You are somewhat unskilled. (-1 Apt) [Ru sacrifice]
  3908 | D:5      | Reduced skill Fighting to level 5
  3908 | D:5      | Reduced skill Axes to level 8
  3908 | D:5      | Reached **** piety under Ru
  4117 | D:5      | Reached skill level 9 in Axes
  4445 | D:6      | Reached skill level 5 in Shields
  4659 | D:6      | Reached XP level 9. HP: 74/75 MP: 9/9
  5130 | D:6      | Noticed Pikel
  5164 | D:6      | Killed Pikel
  5164 | D:6      | Reached skill level 10 in Axes
  5164 | D:6      | Reached skill level 1 in Stealth
  5484 | D:7      | Found a glowing silver altar of Zin.
  5504 | D:7      | Identified a scroll of acquirement
  5790 | D:7      | Found a staircase to the Ecumenical Temple.
  5897 | D:7      | Reached skill level 1 in Short Blades
  6118 | D:7      | Reached skill level 1 in Maces & Flails
  6347 | D:8      | Noticed a hill giant
  6360 | D:8      | Killed a hill giant
  6360 | D:8      | Reached XP level 10. HP: 71/86 MP: 10/10
  6379 | D:8      | Gained mutation: You cannot study or cast Earth magic. [Ru sacrifice]
  6379 | D:8      | Gained mutation: You cannot study or cast Hexes magic. [Ru sacrifice]
  6379 | D:8      | Gained mutation: You cannot study or cast Conjurations magic. [Ru sacrifice]
  6379 | D:8      | Reached ***** piety under Ru
  6594 | D:8      | Killed from afar by an electric eel

Skill      XL: |  1  2  3  4  5  6  7  8  9 |
---------------+----------------------------+-----
Axes           | 3 4 5 7 8 9 10 | 10.5
Shields        | 4 5 5 6 |  6.3
Fighting       | 4 5 6 7 |  7.3
Armour         | 4 5 6 |  6.2
Dodging        | 1 2 |  2.0
Stealth        | 1 |  1.8
Short Blades   | 2 |  2.0
Maces & Flails | 3 |  3.7

Action                   |  1- 3 |  4- 6 |  7- 9 | 10-12 || total
-------------------------+-------+-------+-------+-------++-------
Melee: War axe           |    88 |   159 |   216 |       ||   463
       Flail             |       |       |    63 |    42 ||   105
       Quick blade       |       |       |    38 |       ||    38
Invok: Sacrifice Artific |       |     1 |       |       ||     1
       Sacrifice Skill   |       |       |     1 |       ||     1
       Power Leap        |       |       |     3 |       ||     3
       Sacrifice Arcana  |       |       |       |     1 ||     1
  Use: Potion            |     1 |     1 |       |       ||     2
       Scroll            |     2 |     3 |     5 |       ||    10
 Stab: Invisible         |       |       |     4 |       ||     4
  Eat: Chunk             |       |     5 |    13 |     1 ||    19
Armor: Scale mail        |    32 |    59 |    94 |    10 ||   195
       Skin              |       |     1 |       |       ||     1
Dodge: Dodged            |    29 |    44 |    94 |    10 ||   177
Block: Shield            |    51 |    63 |   130 |    22 ||   266
